 Dungeon Crawl Stone Soup version 0.31-a0-1206-g41278d8d1d (webtiles) character file.

Game seed: 60793847740942684

5464 IdlyInterested the Slicer (level 10, 0/71 HPs)
             Began as a Demonspawn Gladiator on Dec 13, 2023.
             Slain by a boulder beetle (40 damage)
             ... on level 9 of the Dungeon.
             The game lasted 00:25:19 (10002 turns).

IdlyInterested the Slicer (Demonspawn Gladiator)   Turns: 10002, Time: 00:25:20

Health: 0/71       AC: 11    Str: 14    XL:     10   Next: 41%
Magic:  16/16      EV: 13    Int: 12    God:
Gold:   569        SH:  5    Dex: 16    Spells: 17/17 levels left

rFire   . . .        e - +2 dagger (venom)
rCold   . . .        (no shield)
rNeg    . . .        a - +1 leather armour
rPois   +            O - +0 hat {Stlth+}
rElec   .            (no cloak)
rCorr   .            (no gloves)
SInv    .            K - +0 pair of boots {rampage}
Will    .....        q - amulet of reflection
Stlth   +++          D - ring of poison resistance
HPRegen 0.31/turn    (no ring)
MPRegen 0.15/turn

%: reflection, rampage
@: sanguine armoured
A: spiny 1, sanguine armour 1, demonic magic 3
a: no special abilities


You were on level 9 of the Dungeon.
You visited 2 branches of the dungeon, and saw 10 of its levels.

You collected 569 gold pieces.

Inventory:

Hand Weapons
 e - a +2 dagger of venom (weapon)
 f - a +0 dagger of flaming
 i - a +2 dagger
 m - the +1 mace of Noon {venom, rF+ Int+3}
   (You took it off an orc on level 7 of the Dungeon)

   Int+3:     It affects your intelligence (+3).
   rF+:       It protects you from fire.
 r - a +2 short sword of flaming
 P - the +5 whip of Integrity {freeze, rC- Dex+7 SInv}
   (You found it on level 9 of the Dungeon)

   Dex+7:     It affects your dexterity (+7).
   rC-:       It makes you vulnerable to cold.
   SInv:      It lets you see invisible.
Missiles
 c - 3 throwing nets
 d - a javelin
 g - 22 stones (quivered)
 A - 12 poisoned darts
 C - 6 boomerangs
Armour
 a - a +1 leather armour (worn)
 b - a +0 helmet
 B - a +0 ring mail
 K - a +0 pair of boots of rampaging (worn)
 M - a +1 robe of cold resistance
 O - a +0 hat of stealth (worn)
Jewellery
 l - an amulet of magic regeneration
 q - an amulet of reflection (around neck)
 D - a ring of poison resistance (left hand)
Talismans
 v - a flux talisman
 w - a beast talisman
Wands
 j - a wand of polymorph (7)
 H - a wand of paralysis (3)
Scrolls
 n - 5 scrolls of teleportation
 p - 5 scrolls of torment
 s - a scroll of immolation
 t - a scroll of poison
 y - 2 scrolls of fear
 G - 2 scrolls of amnesia
 I - a scroll of vulnerability
 J - a scroll of enchant weapon
Potions
 h - a potion of cancellation
 k - a potion of mutation
 o - 2 potions of enlightenment
 u - a potion of resistance
 x - a potion of degeneration {unknown}
 E - 2 potions of attraction
 F - a potion of ambrosia {unknown}
 L - a potion of invisibility
 N - a potion of curing


   Skills:
 - Level 4.0 Fighting
 + Level 11.5 Short Blades
 - Level 2.0 Throwing
 + Level 1.0 Armour
 - Level 4.0 Dodging
 - Level 4.0 Stealth
 - Level 2.6 Unarmed Combat
 - Level 4.0 Spellcasting
 - Level 4.0 Evocations


You had 17 spell levels left.
You didn't know any spells.
Your spell library contained the following spells:

 Spells                   Type           Power      Damage    Failure   Level
 Sublimation of Blood     Necr           2%         N/A       38%         2
 Wereblood                Tmut           2%         N/A       38%         2
 Call Canine Familiar     Summ           2%         N/A       63%         3
 Hailstorm                Conj/Ice       2%         3d5       63%         3
 Ozocubu's Armour         Ice            2%         N/A       63%         3
 Sigil of Binding         Hex            2%         N/A       63%         3
 Dimensional Bullseye     Hex/Tloc       1%         N/A       95%         4
 Leda's Liquefaction      Hex/Erth       1%         N/A       95%         4
 Summon Ice Beast         Ice/Summ       2%         N/A       95%         4
 Metabolic Englaciation   Hex/Ice        1%         N/A       100%        5
 Simulacrum               Ice/Necr       1%         N/A       100%        6
 Summon Hydra             Summ           1%         N/A       100%        7


Dungeon Overview and Level Annotations

Branches:
Dungeon (9/15)             Temple (1/1) D:6
   Lair: D:8-11         Orc: D:9-12

Altars:
Ashenzari
Cheibriados
Dithmenos
Fedhas
Gozag
Hepliaklqana
Kikubaaqudgha
Makhleb
Nemelex Xobeh
Okawaru
Qazlal
Sif Muna
Trog
Uskayaw
Vehumet
Wu Jian
Xom
Yredelemnul

Annotations:
D:9 3 runed translucent doors


Innate Abilities, Weirdness & Mutations

You are partially covered in sharp spines.
When seriously injured, your blood forms armour. (AC +6)
Spells you cast and wands you use may paralyse nearby enemies.


Message History

Throw: 24 stones
Press: ? - help, Q - select action, (/) - cycle Shift-Dir - straight line, f/p - boulder beetle
Aim: a boulder beetle (90% to hit)
You throw a stone. The stone hits the boulder beetle.
The boulder beetle is lightly wounded.
The boulder beetle leaps!
You start resting.
Your blood armour dries and flakes away.
You start resting.
A boulder beetle is nearby!
You hit the boulder beetle but do no damage.
You block the boulder beetle's attack.
You barely miss the boulder beetle.
You hit the boulder beetle but do no damage.
The boulder beetle bites you!
Your blood congeals into armour.
Aiming: Paralyse
Press: ? - help, Shift-Dir - straight line, f/p - boulder beetle
Aim: a boulder beetle (chance to affect: 41%)
The boulder beetle resists with some effort.
Malevolent energies surge around you.
The boulder beetle leaps!
The boulder beetle enters a dispersal trap!
You blink.
Throw: 23 stones
Press: ? - help, Q - select action, (/) - cycle Shift-Dir - straight line, f/p - boulder beetle
Aim: a boulder beetle (translocational energy, 90% to hit)
You throw a stone.
The stone hits the boulder beetle but does no damage.
The boulder beetle leaps!
The boulder beetle enters a dispersal trap!
You blink.
The boulder beetle leaps!
The boulder beetle curls into a ball and begins rolling!
The boulder beetle enters a dispersal trap!
You blink.
Aiming: Paralyse
Press: ? - help, Shift-Dir - straight line, f/p - boulder beetle
Aim: a boulder beetle (rolling, chance to affect: 41%)
The boulder beetle resists with some effort.
Malevolent energies surge around you. The boulder beetle hits you!!!
Ouch! That really hurt!
You die...

....#
###......####.#
....#
#####.......#
....#
#..#####.#
.####
#........# .#
###.#####.## #
.##### #8.8#
#..###########
.....# ##°###
#............'
####.# ##°○B##
#.........##.#
.....# #B###@#
#.#######.#..#
###### ##..†.##
#.# #.#.##
###..#### #.#
#.#.## ##....#
#.# #.#.##
#..#### #.#
#.#.## ##...###
#.# #...#
###...#
#.#######..##
#'''#
#..)))....##
#.....#
#..#####..##


You could see a boulder beetle (rolling).

Vanquished Creatures
  A boulder beetle (D:9)
  A troll (D:7)
  A hornet (D:9)
  A jumping spider (D:9)
  2 wraiths
  A steam dragon (D:6)
  A redback (D:9)
  A water moccasin (D:6)
  An orc warrior (D:7)
  3 ice beasts
  2 black bears
  A sky beast (D:7)
  An ogre (D:4)
  3 centaurs
  3 phantoms
  2 kobold brigands
  5 scorpions
  4 bullfrogs
  A gnoll sergeant (D:5)
  10 wights
  14 killer bees
  A jelly (D:7)
  A gnoll bouda (D:5)
  4 hounds
  An orc priest (D:7)
  A sleepcap (D:8)
  5 iguanas
  6 gnolls (D:5)
  4 adders
  A shadow imp (D:8)
  4 ufetubi
  2 worms
  5 dart slugs
  5 orcs
  9 endoplasms
  3 giant cockroaches
  4 goblins
  5 hobgoblins
  4 jackals (D:3)
  2 quokkas
  3 ball pythons (D:1)
  3 bats
  3 frilled lizards
  18 kobolds
  3 rats
156 creatures vanquished.

Vanquished Creatures (others)
  A phantom (D:6)
  An orc wizard (D:8)
2 creatures vanquished.

Grand Total: 158 creatures vanquished

Notes
Turn   | Place    | Note
-------+----------+-------------------------------------------
     0 | D:1      | IdlyInterested the Demonspawn Gladiator began the quest for
                  | the Orb.
     0 | D:1      | Reached XP level 1. HP: 16/16 MP: 1/1
   137 | D:1      | Gained mutation: Spells you cast may paralyse adjacent
                  | enemies. [demonic ancestry]
   137 | D:1      | Reached XP level 2. HP: 21/23 MP: 2/2
   326 | D:1      | Reached skill level 1 in Armour
   611 | D:1      | Gained mutation: When seriously injured, your blood forms
                  | armour. (AC +6) [demonic ancestry]
   611 | D:1      | Reached XP level 3. HP: 28/28 MP: 3/3
  1926 | D:3      | Reached skill level 1 in Short Blades
  2129 | D:3      | Reached XP level 4. HP: 29/35 MP: 4/4
  2457 | D:3      | Found an opulent altar of Gozag.
  2591 | D:4      | Reached skill level 2 in Short Blades
  2591 | D:4      | Reached skill level 1 in Stealth
  2731 | D:4      | Noticed an ogre
  2731 | D:4      | Noticed a phantom
  2736 | D:4      | Killed an ogre
  2737 | D:4      | Reached skill level 3 in Short Blades
  2737 | D:4      | Gained mutation: You are partially covered in sharp spines.
                  | [demonic ancestry]
  2737 | D:4      | Reached XP level 5. HP: 22/41 MP: 5/5
  2753 | D:4      | Killed a phantom
  2754 | D:4      | Reached XP level 6. HP: 17/47 MP: 6/6
  3053 | D:4      | You fall into a shaft and drop 2 floors!
  3083 | D:6      | Noticed a water moccasin
  3089 | D:6      | Killed a water moccasin
  3090 | D:6      | Reached skill level 4 in Short Blades
  3144 | D:5      | Entered Level 5 of the Dungeon
  3211 | D:5      | Reached skill level 1 in Spellcasting
  3411 | D:4      | Reached skill level 5 in Short Blades
  3411 | D:4      | Reached XP level 7. HP: 29/52 MP: 7/9
  3826 | D:5      | Found a shimmering altar of Xom.
  3895 | D:5      | Reached skill level 6 in Short Blades
  3907 | D:5      | HP: 2/52 [poisoned by a gnoll]
  4372 | D:6      | Gained mutation: Spells you cast may paralyse nearby
                  | enemies. [demonic ancestry]
  4372 | D:6      | Reached XP level 8. HP: 39/58 MP: 12/12
  4547 | D:6      | Found a staircase to the Ecumenical Temple.
  4561 | Temple   | Entered the Ecumenical Temple
  4631 | D:6      | Reached skill level 7 in Short Blades
  4631 | D:6      | Reached skill level 1 in Evocations
  5091 | D:6      | Reached skill level 8 in Short Blades
  5701 | D:7      | Identified the +1 mace of Noon {venom, rF+ Int+3}
  5726 | D:7      | Reached skill level 9 in Short Blades
  5726 | D:7      | Gained mutation: Spells you cast and wands you use may
                  | paralyse nearby enemies. [demonic ancestry]
  5726 | D:7      | Reached XP level 9. HP: 6/63 MP: 13/13
  6133 | D:7      | Noticed a troll
  6147 | D:7      | Killed a troll
  6407 | D:7      | Found a snail-covered altar of Cheibriados.
  6588 | D:7      | Found a broken altar of Ashenzari.
  6782 | D:7      | Reached skill level 10 in Short Blades
  7983 | D:9      | Found a runed translucent door.
  8131 | D:9      | Reached XP level 10. HP: 39/70 MP: 15/15
  8306 | D:9      | Found a blossoming altar of Fedhas.
  8467 | D:9      | Reached skill level 11 in Short Blades
  8841 | D:9      | Found a radiant altar of Vehumet.
  9346 | D:9      | Found a burning altar of Makhleb.
  9847 | D:9      | Identified the +5 whip of Integrity {freeze, rC- Dex+7
                  | SInv}
  9850 | D:9      | Found a runed translucent gate.
  9850 | D:9      | Found a runed translucent gate.
  9850 | D:9      | Found a runed translucent gate.
  9850 | D:9      | Found a runed translucent gate.
  9850 | D:9      | Found a runed translucent gate.
  9850 | D:9      | Noticed a boulder beetle
  9850 | D:9      | Noticed a boulder beetle
  9850 | D:9      | Noticed a lindwurm
  9852 | D:9      | Found a runed translucent gate.
  9898 | D:9      | Killed a boulder beetle
 10002 | D:9      | Slain by a boulder beetle

Illustrated notes

Levels and vault maps discovered:
D:1:      shiori_arrival_maze, layout_loops_ring, minmay_small_reverse_x
D:2:      layout_basic, minmay_misc_feat_cross
D:3:      layout_basic, lemuel_doored_altar
D:4:      layout_rooms, kennysheep_cross_bottleneck
D:5:      layout_rooms, xom_butterflies
D:6:      layout_cave_pools, mainiacjoe_overflow_tiny_flanked,
          minmay_temple_entry_trees, chequers_decorated_corner,
          serial_bayou_crossing
D:7:      nicolae_BIG_FREAKIN_CUBE, layout_cave_pods, cheibrodos_worm_habitat,
          old_standard_altar, minmay_circle_x
D:8:      layout_basic
D:9:      gammafunk_indiana_jones, layout_basic, kennysheep_mini_moat,
          mainiacjoe_overflow_catwalk, mainiacjoe_overflow_24_doors
Temple:   nicolae_temple_ecumenical_triangle

Skill      XL: |  1  2  3  4  5  6  7  8  9 10 |
---------------+-------------------------------+-----
Dodging        | 3 4 |  4.0
Armour         | 1 |  1.0
Fighting       | 3 4 |  4.0
Short Blades   | 1 3 5 6 9 10 11 | 11.5
Throwing       | 2 |  2.0
Stealth        | 2 3 4 |  4.0
Spellcasting   | 1 3 4 |  4.0
Evocations     | 2 4 |  4.0
Unarmed Combat | |  2.6

Action                     |  1- 3 |  4- 6 |  7- 9 | 10-12 || total
---------------------------+-------+-------+-------+-------++-------
  Melee: Unarmed           |    14 |       |    14 |       ||    28
         Dagger            |    99 |    97 |    39 |     7 ||   242
         Punch             |     3 |     4 |    15 |     5 ||    27
         Short sword       |       |       |   355 |    98 ||   453
  Throw: Dart              |       |     2 |     2 |     2 ||     6
         Stone             |       |     1 |    28 |    15 ||    44
         Javelin           |       |     1 |       |       ||     1
         Throwing net      |       |       |       |     1 ||     1
  Evoke: Wand              |       |       |       |     3 ||     3
    Use: Scroll            |     9 |     6 |     2 |       ||    17
         Potion            |       |     3 |     5 |       ||     8
   Stab: Sleeping          |     1 |     2 |     4 |     1 ||     8
         Invisible         |       |       |     3 |       ||     3
         Distracted        |       |       |     2 |       ||     2
         Held in net/web   |       |       |       |     1 ||     1
         Paralysed         |       |       |       |     1 ||     1
 Armour: Leather armour    |    47 |    44 |   163 |    42 ||   296
         Skin              |       |       |    16 |       ||    16
  Dodge: Dodged            |    47 |    43 |   156 |    28 ||   274
  Block: Other             |     5 |    18 |    47 |    17 ||    87
         Reflection        |       |       |       |     2 ||     2

Table legend: (Time is in decaauts)
 A = Elapsed time spent in this place.
 B = Non-inter-level travel time spent in this place.
 C = Inter-level travel time spent in this place.
 D = Time resting spent in this place.
 E = Time spent auto-exploring this place.
 F = Levels seen in this place.
 G = Mean time per level.
                   A        B        C        D        E       F      G
               +--------+--------+--------+--------+--------+-----+--------+
         Total |   9780 |   9152 |    628 |   3103 |   4334 |  10 |  978.0 |
       Dungeon |   9760 |   9141 |    619 |   3103 |   4334 |   9 | 1084.4 |
        Temple |     19 |     10 |      9 |      0 |      0 |   1 |   19.0 |
               +--------+--------+--------+--------+--------+-----+--------+

Top non-repeatable levels by time:
     D:9: 1959 daAuts
     D:7: 1420 daAuts
     D:6: 1245 daAuts
     D:2: 980 daAuts
     D:8: 918 daAuts
     D:1: 872 daAuts
     D:5: 819 daAuts
     D:3: 781 daAuts
     D:4: 763 daAuts
  Temple: 19 daAuts
